 Dungeon Crawl Stone Soup version 0.28-a0-628-g3c9886e45e (webtiles) character file.

Game seed: 971691325984658359

1637 dracfodder the Basher (level 8, -3/48 HPs)
             Began as a Gargoyle Berserker on Oct 8, 2021.
             Was a Priest of Trog.
             Slain by a scorpion (7 damage)
             ... on level 5 of the Dungeon.
             The game lasted 00:24:20 (5456 turns).

dracfodder the Basher (Gargoyle Berserker)          Turns: 5456, Time: 00:24:20

Health: -3/48      AC: 20    Str: 24    XL:     8   Next: 98%
Magic:  8/8        EV:  6    Int:  7    God:    Trog [***...]
Gold:   179        SH: 13    Dex:  9    Spells: 7/7 levels left

rFire   . . .      SeeInvis .   a - +0 mace
rCold   . . .      Faith    .   A - +0 kite shield
rNeg    + . .      Spirit   .   h - +1 chain mail
rPois   ∞          Reflect  +   q - +1 helmet
rElec   +          Harm     .   j - +0 cloak
rCorr   .          Rampage  .   m - +0 pair of gloves
Will    .....                   (no boots)
Stlth   ..........              g - amulet of reflection
HPRegen 0.16/turn               (no ring)
MPRegen 0.11/turn               (no ring)

@: on berserk cooldown
A: sickness immunity, AC +5, negative energy resistance 1, electricity
resistance, torment resistance 1, petrification resistance
a: Renounce Religion, Berserk, Trog's Hand


You were on level 5 of the Dungeon.
You worshipped Trog.
Trog was most pleased with you.
You visited 1 branch of the dungeon, and saw 5 of its levels.

You collected 267 gold pieces.
You spent 88 gold pieces at shops.

Inventory:

Hand Weapons
 a - a +0 mace (weapon)
 e - a +0 spear
 f - a +0 war axe
 z - a +2 trident of protection
Missiles
 b - 52 sling bullets
 c - 211 stones (quivered)
 d - 43 bolts
 r - 5 boomerangs
 x - 21 arrows
Armour
 h - a +1 chain mail (worn)
 j - a +0 cloak (worn)
 m - a +0 pair of gloves (worn)
 q - a +1 helmet (worn)
 A - a +0 kite shield (worn)
Jewellery
 g - an amulet of reflection (around neck)
 p - an amulet of regeneration
Wands
 n - a wand of polymorph (4)
 o - a wand of iceblast (4)
Scrolls
 i - 3 scrolls of identify
 k - 2 scrolls of fear
 u - a scroll of amnesia {unknown}
 v - 2 scrolls of teleportation
 w - a scroll of fog {unknown}
 y - a scroll of vulnerability {unknown}
Potions
 l - a potion of curing
 s - a potion of lignification
 t - a potion of resistance


   Skills:
 + Level 4.8 Fighting
 * Level 8.4 Maces & Flails
 + Level 1.8 Polearms
 + Level 4.2 Armour
 + Level 2.7 Dodging
 + Level 1.8 Stealth
 + Level 4.7 Shields
 + Level 0.4 Evocations


You had 7 spell levels left.
You didn't know any spells.
Your spell library was empty.

Dungeon Overview and Level Annotations

Branches:
Dungeon (5/15)
 Temple: D:4-7

Altars:
Ashenzari
Fedhas
Makhleb
Vehumet
Zin
The Shining One

Shops:
D:1 ?


Innate Abilities, Weirdness & Mutations

You are immune to sickness and miasma.
Your stone body is resilient. (AC +5)
You are immune to poison.
You resist negative energy. (rN+)
You are resistant to electric shocks. (rElec)
You are resistant to unholy torment.
You are immune to petrification.


Message History

You are too injured to fight recklessly!
You are too injured to fight recklessly!
You are too injured to fight recklessly!
You are too injured to fight recklessly!
You are too injured to fight recklessly!
You hit the scorpion but do no damage.
The scorpion stings you but does no damage.
You block the scorpion's attack.
You closely miss the scorpion.
The scorpion stings you but does no damage.
You block the scorpion's attack.
You sock the scorpion!
The scorpion is heavily wounded.
The scorpion stings you but does no damage. x2
You hit the scorpion.
The scorpion is heavily wounded.
You block the scorpion's attack. x2
You hit the scorpion.
The scorpion is heavily wounded.
You block the scorpion's attack. The scorpion closely misses you.
You barely miss the scorpion.
The scorpion is heavily wounded.
You block the scorpion's attack. The scorpion closely misses you.
You closely miss the scorpion.
The scorpion is heavily wounded.
You block the scorpion's attack. The scorpion stings you.
* * * LOW HITPOINT WARNING * * *
The scorpion stings you but does no damage.
You sock the scorpion!
The scorpion is almost dead.
The scorpion stings you but does no damage. x2
You hit the scorpion but do no damage.
The scorpion is almost dead.
You feel yourself speed up.
The scorpion stings you but does no damage.
The scorpion barely misses you.
You hit the scorpion but do no damage.
The scorpion is almost dead.
The scorpion stings you!
You die...

......#..........#
.................#
..........#...####
...........#...##
...=.#..##.##...### #
........##.###....#####.#
..##.##..#..............#
...#.# #......)s.....####
##.#.# #...#..##@.>..####
.... ... ##. #####....#
.#.# . ................#
. .... ......######....##
..... ...... !.... #####
......


You could see a scorpion.

Vanquished Creatures
  Pikel (D:5)
  Eustachio (D:5)
  4 ogres
  A gnoll sergeant (D:5)
  2 scorpions
  A crimson imp (D:3)
  3 jellies
  3 orc priests (D:3)
  A hound (D:3)
  2 orc wizards (D:3)
  A killer bee zombie (D:5)
  Robin (D:3)
  3 gnolls (D:5)
  5 adders
  A howler monkey skeleton (D:4)
  A white imp (D:4)
  An adder zombie (D:5)
  A worm (D:3)
  A dart slug (D:5)
  10 orcs
  9 ball pythons
  15 endoplasms
  4 giant cockroaches
  11 goblins
  8 hobgoblins
  2 jackals (D:4)
  2 quokkas
  10 bats
  A frilled lizard (D:1)
  6 kobolds
  6 rats
118 creatures vanquished.

Notes
Turn   | Place    | Note
-------+----------+-------------------------------------------
     0 | D:1      | dracfodder the Gargoyle Berserker began the quest for the
                  | Orb.
     0 | D:1      | Reached XP level 1. HP: 14/14 MP: 1/1
    19 | D:1      | Found Iraes's Magic Scroll Shoppe.
   111 | D:1      | Reached XP level 2. HP: 19/19 MP: 2/2
   120 | D:1      | Found a faded altar of an unknown god.
   569 | D:1      | Reached XP level 3. HP: 14/24 MP: 3/3
  1297 | D:2      | Reached ** piety under Trog
  1369 | D:2      | Reached skill level 4 in Maces & Flails
  1485 | D:2      | Reached XP level 4. HP: 27/29 MP: 4/4
  1559 | D:1      | Bought a scroll of identify for 22 gold pieces
  1559 | D:1      | Bought 3 scrolls of identify for 66 gold pieces
  2282 | D:3      | Noticed Robin
  2319 | D:3      | Killed Robin
  2581 | D:3      | Reached skill level 5 in Maces & Flails
  2581 | D:3      | Reached XP level 5. HP: 24/33 MP: 5/5
  2695 | D:3      | Found a radiant altar of Vehumet.
  2695 | D:3      | Found a burning altar of Makhleb.
  3008 | D:3      | Reached XP level 6. HP: 31/38 MP: 6/6
  3153 | D:3      | Reached skill level 6 in Maces & Flails
  3350 | D:3      | Reached skill level 1 in Stealth
  3631 | D:3      | Found a glowing silver altar of Zin.
  3708 | D:4      | Reached *** piety under Trog
  3885 | D:4      | Reached skill level 1 in Shields
  3885 | D:4      | Reached XP level 7. HP: 43/43 MP: 7/7
  4214 | D:4      | Found a glowing golden altar of the Shining One.
  4239 | D:4      | Found a blossoming altar of Fedhas.
  4273 | D:4      | Reached skill level 7 in Maces & Flails
  4413 | D:5      | Entered Level 5 of the Dungeon
  4439 | D:5      | Found a broken altar of Ashenzari.
  4900 | D:5      | Reached XP level 8. HP: 21/48 MP: 8/8
  5275 | D:5      | Noticed Eustachio
  5375 | D:5      | HP: 2/48 [river rat[Eustachio] (2)]
  5380 | D:5      | Killed Eustachio
  5381 | D:5      | Reached skill level 8 in Maces & Flails
  5402 | D:5      | Noticed Pikel
  5423 | D:5      | Killed Pikel
  5424 | D:5      | Reached skill level 1 in Polearms
  5456 | D:5      | Slain by a scorpion

Illustrated notes

Levels and vault maps discovered:
D:1:      dpeg_arrival_ternary, layout_loops_ring, serial_shops, shop_scrolls,
          dreamdust_ecumenical_altar_statues, minmay_pentomino_s4
D:2:      layout_rooms, minmay_tall_x
D:3:      layout_basic, grunt_temple_overflow_lords_of_destruction,
          zin_treasury, uniq_robin
D:4:      layout_cave_pools, tso_metal_star, mainiacjoe_overflow_alcove_1
D:5:      layout_rooms, lemuel_round_altar, uniq_eustachio, uniq_pikel

Skill      XL: |  1  2  3  4  5  6  7  8 |
---------------+-------------------------+-----
Maces & Flails | 4 5 6 7 8 |  8.4
Fighting       | 4 |  4.8
Stealth        | 1 |  1.8
Armour         | 3 4 |  4.2
Shields        | 1 2 4 |  4.7
Dodging        | 2 |  2.7
Polearms       | 1 |  1.8
Evocations     | |  0.4

Action                   |  1- 3 |  4- 6 |  7- 9 || total
-------------------------+-------+-------+-------++-------
Melee: Mace              |   117 |   233 |   129 ||   479
       Trident           |       |       |   121 ||   121
Invok: Berserk           |       |     2 |     3 ||     5
       Trog's Hand       |       |     1 |     3 ||     4
Evoke: Wand              |       |     3 |     4 ||     7
  Use: Potion            |     2 |       |     4 ||     6
       Scroll            |     1 |     8 |       ||     9
Armor: Animal skin       |    33 |       |       ||    33
       Chain mail        |    41 |   149 |   502 ||   692
Dodge: Dodged            |    84 |    72 |   241 ||   397
Block: Other             |     8 |    55 |    36 ||    99
       Reflection        |       |     1 |     4 ||     5
       Kite shield       |       |       |   280 ||   280

Table legend: (Time is in decaauts)
 A = Elapsed time spent in this place.
 B = Non-inter-level travel time spent in this place.
 C = Inter-level travel time spent in this place.
 D = Time resting spent in this place.
 E = Time spent auto-exploring this place.
 F = Levels seen in this place.
 G = Mean time per level.
                   A        B        C        D        E       F      G
               +--------+--------+--------+--------+--------+-----+--------+
         Total |   5633 |   5389 |    244 |    879 |   2968 |   5 | 1126.6 |
       Dungeon |   5633 |   5389 |    244 |    879 |   2968 |   5 | 1126.6 |
               +--------+--------+--------+--------+--------+-----+--------+

Top non-repeatable levels by time:
     D:3: 1665 daAuts
     D:1: 1405 daAuts
     D:5: 1134 daAuts
     D:4: 763 daAuts
     D:2: 664 daAuts
